 Dungeon Crawl Stone Soup version 0.32-a0-132-g2d33c3cfaf (webtiles) character file.

Game seed: 10340197564354848311

259 Parakeet the Changeling (level 6, 0/41 HPs)
             Began as an Octopode Shapeshifter on Feb 9, 2024.
             Was a Follower of Fedhas.
             Slain by a lemure (5 damage)
             ... led by Pikel
             ... on level 4 of the Dungeon.
             The game lasted 00:04:45 (2573 turns).

Parakeet the Changeling (Octopode Shapeshifter)     Turns: 2573, Time: 00:04:45

Health: 0/41       AC:  1    Str: 16    XL:     6   Next: 17%
Magic:  6/6        EV:  9    Int: 12    God:    Fedhas [*.....]
Gold:   130        SH: 11    Dex: 11    Spells: 5/5 levels left

rFire   . .          .
                       - Unarmed
rCold   . . .        f - +0 tower shield
rNeg    . . .        (helmet currently unavailable)
rPois   .            (no amulet)
rElec   .            (no ring)
rCorr   .            (no ring)
SInv    .            (no ring)
Will    .....        (no ring)
Stlth   ++           (no ring)
HPRegen 0.26/turn    (no ring)
MPRegen 0.10/turn    (no ring)
                     (no ring)

%: no passive effects
@: beast-form
A: beast (slay +2), almost no armour, amphibious, 8 rings, camouflage 1,
gelatinous body 1, (nimble swimmer 1), tentacles
a: Begin Untransformation, Renounce Religion


You were on level 4 of the Dungeon.
You worshipped Fedhas.
Fedhas was aware of your devotion.
You were a hulking beast.
You visited 1 branch of the dungeon, and saw 4 of its levels.

You collected 130 gold pieces.

Inventory:

Armour
 f - a +0 tower shield (worn)
Talismans
 b - a beast talisman
 c - a flux talisman
Wands
 k - a wand of polymorph (4)
Scrolls
 h - a scroll of immolation {unknown}
 j - a scroll of revelation {unknown}
 l - a scroll of identify {unknown}
 m - a scroll of enchant armour {unknown}
 o - a scroll of teleportation {unknown}
Potions
 a - a potion of lignification
 d - a potion of heal wounds {unknown}
 e - a potion of degeneration {unknown}
 g - a potion of haste {unknown}
 i - a potion of brilliance {unknown}
 n - a potion of curing {unknown}


   Skills:
 + Level 2.4 Fighting
 + Level 3.1 Dodging
 + Level 1.7 Shields
 + Level 3.7 Unarmed Combat
 + Level 1.2 Invocations
 * Level 4.3 Shapeshifting


You had 5 spell levels left.
You didn't know any spells.
Your spell library contained the following spells:

 Spells                   Type           Power      Damage    Failure   Level
 Apportation              Tloc           0%         N/A       99%         1
 Necrotise                Necr           0%         1d4       99%         1
 Sting                    Conj/Alch      0%         1d3       99%         1
 Summon Small Mammal      Summ           0%         N/A       99%         1
 Gell's Gravitas          Tloc           0%         N/A       100%        3
 Teleport Other           Tloc           0%         N/A       100%        3
 Summon Lightning Spire   Summ/Air       0%         N/A       100%        4
 Lee's Rapid Deconstruct  Erth           0%         3d4*      100%        5
 Dispersal                Tloc           0%         N/A       100%        6
 Animate Armour           Summ/Erth      Unusable   N/A       N/A         4

Dungeon Overview and Level Annotations

Branches:
Dungeon (4/15)
 Temple: D:4-7

Altars:
Fedhas
Wu Jian
The Shining One

Shops:
D:1 =

Annotations:
D:4 Pikel


Innate Abilities, Weirdness & Mutations

You are a hulking beast.
Your limbs bulge with bestial killing power. (Slay +2)
You cannot wear most types of armour.
You are amphibious.
You can wear up to eight rings at the same time.
Your skin changes colour to match your surroundings (Stealth+).
Your rubbery body absorbs attacks. (AC +1, EV +1)
((You are camouflaged when in or above water. (Stealth+)))
You have tentacles for arms and can constrict up to eight enemies at once.


Message History

You constrict the lemure. The lemure hits you! The lemure closely misses you.
You tentacle-slap the lemure but do no damage.
You squeeze the lemure.
The lemure is almost dead.
You constrict the lemure!
You kill the lemure!
That felt strangely unrewarding.
You tentacle-slap the lemure. You grab the lemure.
The lemure is lightly wounded.
You constrict the lemure. You block the lemure's attack.
You tentacle-slap the lemure.
The lemure is moderately wounded.
You constrict the lemure, but do no damage.
The lemure hits you. x2
A lemure comes into view.
You tentacle-slap the lemure.
You squeeze the lemure, but do no damage.
The lemure is moderately wounded.
You constrict the lemure. You block the lemure's attack.
You tentacle-slap the lemure.
You squeeze the lemure, but do no damage.
The lemure is heavily wounded.
You constrict the lemure. The lemure hits you!
* * * LOW HITPOINT WARNING * * *
You tentacle-slap the lemure.
The lemure is severely wounded.
You constrict the lemure. You block the lemure's attack. x2
You bludgeon the lemure!
You kill the lemure!
That felt strangely unrewarding.
Pikel says, "You'll feel the lick of my whip!"
You closely miss the lemure. You grab the lemure. You constrict the lemure.
The lemure closely misses you.
You tentacle-slap the lemure but do no damage.
The lemure is lightly wounded.
You constrict the lemure. The lemure hits you!
* * * LOW HITPOINT WARNING * * *
The lemure hits you.
You die...
Fedhas appreciates your contribution to the ecosystem.

## #.# ### ..#.# #.#
.#.#####.## ... .... #.#
#.########### #.#
#...........# #K#
#.#########.#
####.#5#####.#########.#
........h................
#####.#.#####.#########.#
#.#.# #.# #.# # #.# #.#
#.# #.# #+# #.# #.# #.#
#.# #.# .. #.# ...


You could see Pikel and a lemure.

Vanquished Creatures
  Menkaure (D:4)
  3 lemures (D:4)
  A hound (D:4)
  Crazy Yiuf (D:2)
  An adder (D:2)
  A dart slug (D:1)
  4 ribbon worms
  3 ball pythons
  5 bats
  7 endoplasms
  2 giant cockroaches
  4 hobgoblins (D:1)
  3 jackals (D:1)
  A quokka (D:1)
  5 frilled lizards
  8 goblins
  6 kobolds
  4 rats
60 creatures vanquished.

Notes
Turn   | Place    | Note
-------+----------+-------------------------------------------
     0 | D:1      | Parakeet the Octopode Shapeshifter began the quest for the
                  | Orb.
     0 | D:1      | Reached XP level 1. HP: 13/13 MP: 1/1
    60 | D:1      | Reached XP level 2. HP: 18/18 MP: 2/2
   205 | D:1      | Found Ticlolio's Jewellery Shop.
   261 | D:1      | Reached XP level 3. HP: 17/23 MP: 3/3
  1310 | D:2      | Reached XP level 4. HP: 29/29 MP: 4/4
  1349 | D:2      | Found a runed translucent door.
  1350 | D:2      | Noticed Crazy Yiuf
  1702 | D:2      | Killed Crazy Yiuf
  1797 | D:3      | Reached skill level 1 in Shields
  2044 | D:3      | Found a faded altar of an unknown god.
  2056 | D:3      | Found a faded altar of an unknown god.
  2056 | D:3      | Found a faded altar of an unknown god.
  2062 | D:3      | Prayed at the altar of an unknown god.
  2062 | D:3      | Became a worshipper of Fedhas Madash
  2062 | D:3      | Reached * piety under Fedhas
  2075 | D:3      | Found an ornate altar of the Wu Jian Council.
  2080 | D:3      | Found a glowing golden altar of the Shining One.
  2081 | D:3      | Found a blossoming altar of Fedhas.
  2337 | D:4      | Reached skill level 4 in Shapeshifting
  2337 | D:4      | Reached XP level 5. HP: 20/34 MP: 5/5
  2390 | D:4      | Noticed Menkaure
  2397 | D:4      | Killed Menkaure
  2398 | D:4      | Reached skill level 1 in Invocations
  2398 | D:4      | Reached XP level 6. HP: 9/41 MP: 6/6
  2560 | D:4      | Noticed Pikel
  2573 | D:4      | Slain by a lemure

Illustrated notes

Levels and vault maps discovered:
D:1:      dpeg_arrival_court, layout_loops_ring, serial_shops, shop
D:2:      layout_loops_ring, uniq_crazy_yiuf_cottage
D:3:      layout_basic, chequers_temple_overflow_minitemple,
          ebering_ecumenical_altar_rust
D:4:      cheibrodos_old_hovel, layout_basic, zin_angel,
          yredelemnul_forgotten_temple_becter, uniq_menkaure, uniq_natasha,
          uniq_duvessa, uniq_blork_the_orc, uniq_pikel

Skill      XL: |  1  2  3  4  5 |
---------------+----------------+-----
Shields        | 1 |  1.7
Fighting       | 2 |  2.4
Shapeshifting  | 4 |  4.3
Dodging        | 3 |  3.1
Invocations    | 1 |  1.2
Unarmed Combat | |  3.7

Action                     |  1- 3 |  4- 6 || total
---------------------------+-------+-------++-------
  Melee: Unarmed           |    62 |    52 ||   114
         Tentacles         |    17 |    12 ||    29
         Constrict         |    17 |    14 ||    31
         Punch             |     2 |     3 ||     5
   Stab: Distracted        |     1 |       ||     1
         Sleeping          |     2 |     6 ||     8
 Armour: Skin              |    32 |    22 ||    54
  Dodge: Dodged            |    20 |    15 ||    35
  Block: Tower shield      |    13 |    19 ||    32

Table legend: (Time is in decaauts)
 A = Elapsed time spent in this place.
 B = Non-inter-level travel time spent in this place.
 C = Inter-level travel time spent in this place.
 D = Time resting spent in this place.
 E = Time spent auto-exploring this place.
 F = Levels seen in this place.
 G = Mean time per level.
                   A        B        C        D        E       F      G
               +--------+--------+--------+--------+--------+-----+--------+
         Total |   2603 |   2505 |     98 |     16 |   2082 |   4 |  650.8 |
       Dungeon |   2603 |   2505 |     98 |     16 |   2082 |   4 |  650.8 |
               +--------+--------+--------+--------+--------+-----+--------+

Top non-repeatable levels by time:
     D:2: 981 daAuts
     D:1: 812 daAuts
     D:3: 554 daAuts
     D:4: 254 daAuts
